TOP OF THE 1ST |
Las Vegas Stars batting - Pitching for Lansing Lugnuts : LHP Carlos Flores
|
Pitching: LHP Carlos Flores
|
|
Batting: RHB Jeremy Atkins
|
0-0: Ball 1-0: Ball 2-0: Ball 3-0: Base on Balls
|
Batting: RHB Ron Shelton
|
0-0: Called Strike 0-1: Foul Ball, location: 2F 0-2: Ball 1-2: Strikes out swinging
|
Batting: LHB Evan Slootweg
|
0-0: Ball Pickoff Throw to First - Out! 1-0: Ball 2-0: Foul Ball, location: 2F 2-1: Ball 3-1: Base on Balls
|
Batting: LHB Ricardo Vargas
|
0-0: Called Strike 0-1: Ball 1-1: Ball 2-1: Swinging Strike 2-2: Strikes out swinging
|
Top of the 1st over - 0 run(s), 0 hit(s), 0 error(s), 1 left on base; Las Vegas 0 - Lansing 0 |
BOTTOM OF THE 1ST |
Lansing Lugnuts batting - Pitching for Las Vegas Stars : RHP Mike Stabler
|
Pitching: RHP Mike Stabler
|
|
Batting: LHB Jeffrey Satterley
|
0-0: Ball 1-0: Swinging Strike 1-1: Swinging Strike 1-2: Strikes out swinging
|
Batting: RHB Taki Chikafuji
|
0-0: Ball 1-0: Swinging Strike 1-1: SINGLE (Line Drive, 78M)
|
Batting: LHB Lewis Barr
|
0-0: Ball 1-0: SINGLE (Groundball, 34D) Taki Chikafuji to second Runner from 2nd tries for 3rd, SAFE, throw made to third Lewis Barr to second
|
Batting: RHB Jeff Packard
|
0-0: Fly out, F8 (Popup, 6MD)
|
Batting: LHB Damon Mitchell
|
0-0: Ball 1-0: Ball 2-0: Ground out U3 (Groundball, 3S)
|
Bottom of the 1st over - 0 run(s), 2 hit(s), 0 error(s), 2 left on base; Las Vegas 0 - Lansing 0 |
TOP OF THE 2ND |
Las Vegas Stars batting - Pitching for Lansing Lugnuts : LHP Carlos Flores
|
Batting: RHB Brian George
|
0-0: Ball 1-0: Ball 2-0: Ball 3-0: Base on Balls
|
Batting: LHB Eliot Helen
|
0-0: Ball 1-0: Called Strike 1-1: Foul Ball, location: 2F 1-2: Foul Ball, location: 2F 1-2: Ball 2-2: Ball 3-2: Fly out, F5 (Popup, 25)
|
Batting: LHB Juan Cabañas
|
0-0: Ball 1-0: Ball 2-0: Ball 3-0: Base on Balls Brian George to second
|
Batting: RHB Tae-kwon Kwon
|
0-0: Ball 1-0: Foul Ball, location: 2F 1-1: Foul Ball, location: 2F 1-2: Ball 2-2: Ball 3-2: Base on Balls Brian George to third Juan Cabañas to second
|
Batting: RHB Cole Bradley
|
0-0: Called Strike 0-1: Ball 1-1: Fly out, F8 (Flyball, 8RS)
|
Batting: RHB Jeremy Atkins
|
0-0: Called Strike 0-1: Swinging Strike 0-2: Strikes out swinging
|
Top of the 2nd over - 0 run(s), 0 hit(s), 0 error(s), 3 left on base; Las Vegas 0 - Lansing 0 |
BOTTOM OF THE 2ND |
Lansing Lugnuts batting - Pitching for Las Vegas Stars : RHP Mike Stabler
|
Batting: RHB Júlio Caraballo
|
0-0: Ball 1-0: Called Strike 1-1: SINGLE (Line Drive, 56D)
|
Batting: LHB Pedro Padilla
|
0-0: Called Strike 0-1: Ball 1-1: Ball 2-1: Ball 3-1: Foul Ball, location: 2F 3-2: Foul Ball, location: 2F 3-2: Base on Balls Júlio Caraballo to second
|
Batting: RHB Yasuoka Tanaka
|
0-0: Called Strike 0-1: Grounds into double play, 6-4-3 (Groundball, 56) Júlio Caraballo to third
|
Batting: RHB Gordon Langley
|
0-0: Called Strike 0-1: Foul Ball, location: 2F 0-2: Ball 1-2: Ball 2-2: Foul Ball, location: 2F 2-2: Ball 3-2: Base on Balls
|
Batting: LHB Jeffrey Satterley
|
0-0: Foul Ball, location: 2F 0-1: Foul Ball, location: 2F 0-2: Ground out 4-3 (Groundball, 4)
|
Bottom of the 2nd over - 0 run(s), 1 hit(s), 0 error(s), 2 left on base; Las Vegas 0 - Lansing 0 |
TOP OF THE 3RD |
Las Vegas Stars batting - Pitching for Lansing Lugnuts : LHP Carlos Flores
|
Batting: RHB Ron Shelton
|
0-0: Ball 1-0: Ball 2-0: Ball 3-0: Called Strike 3-1: Fly out, F5 (Popup, 25F)
|
Batting: LHB Evan Slootweg
|
0-0: Ball 1-0: Ball 2-0: Ball 3-0: Base on Balls
|
Batting: LHB Ricardo Vargas
|
0-0: Ball 1-0: Ball 2-0: Called Strike 2-1: Called Strike 2-2: Strikes out swinging
|
Batting: RHB Brian George
|
0-0: Ball 1-0: Foul Ball, location: 2F 1-1: Swinging Strike 1-2: Foul Ball, location: 2F 1-2: Ball 2-2: Foul Ball, location: 2F 2-2: Ball 3-2: Base on Balls Evan Slootweg to second
|
Batting: LHB Eliot Helen
|
0-0: Called Strike 0-1: Called Strike 0-2: Foul Ball, location: 2F 0-2: Foul Ball, location: 2F 0-2: Ball 1-2: Ball 2-2: Foul Ball, location: 2F 2-2: Fly out, F8 (Flyball, 8LM)
|
Top of the 3rd over - 0 run(s), 0 hit(s), 0 error(s), 2 left on base; Las Vegas 0 - Lansing 0 |
BOTTOM OF THE 3RD |
Lansing Lugnuts batting - Pitching for Las Vegas Stars : RHP Mike Stabler
|
Batting: RHB Taki Chikafuji
|
0-0: Called Strike 0-1: Ball 1-1: Called Strike 1-2: Ball 2-2: Foul Ball, location: 2F 2-2: Ball 3-2: Base on Balls
|
Batting: LHB Lewis Barr
|
0-0: Ball 1-0: Ball 2-0: Fly out, F2 (Popup, 2RF)
|
Batting: RHB Jeff Packard
|
0-0: Called Strike 0-1: Called Strike 0-2: Ball 1-2: Fly out, F9 (Popup, 9LSF)
|
Batting: LHB Damon Mitchell
|
0-0: Called Strike 0-1: Ball 1-1: Fly out, F5 (Popup, 7LSF)
|
Bottom of the 3rd over - 0 run(s), 0 hit(s), 0 error(s), 1 left on base; Las Vegas 0 - Lansing 0 |
TOP OF THE 4TH |
Las Vegas Stars batting - Pitching for Lansing Lugnuts : LHP Carlos Flores
|
Batting: LHB Juan Cabañas
|
0-0: Ball 1-0: Ball 2-0: Called Strike 2-1: Ball 3-1: Foul Ball, location: 2F 3-2: Fly out, F6 (Popup, 6D)
|
Batting: RHB Tae-kwon Kwon
|
0-0: Ball 1-0: Foul Ball, location: 2F 1-1: Ball 2-1: Ball 3-1: Called Strike 3-2: Base on Balls
|
Batting: RHB Cole Bradley
|
0-0: Ball 1-0: Foul Ball, location: 2F 1-1: Ball 2-1: Foul Ball, location: 2F 2-2: Foul Ball, location: 2F 2-2: Grounds into double play, 4-6-3 (Groundball, 4)
|
Top of the 4th over - 0 run(s), 0 hit(s), 0 error(s), 0 left on base; Las Vegas 0 - Lansing 0 |
BOTTOM OF THE 4TH |
Lansing Lugnuts batting - Pitching for Las Vegas Stars : RHP Mike Stabler
|
Batting: RHB Júlio Caraballo
|
0-0: Called Strike 0-1: Foul Ball, location: 2F 0-2: Ground out 6-3 (Groundball, 6)
|
Batting: LHB Pedro Padilla
|
0-0: Called Strike 0-1: Ball 1-1: SINGLE (Line Drive, 56)
|
Batting: RHB Yasuoka Tanaka
|
0-0: Ball 1-0: Ball 2-0: Swinging Strike 2-1: Foul Ball, location: 2F 2-2: Foul Ball, location: 2F 2-2: Ball
|
|
|
|
3-2: Foul Ball, location: 2F 3-2: Foul Ball, location: 2F 3-2: Base on Balls Pedro Padilla to second
|
Batting: RHB Gordon Langley
|
0-0: Foul Ball, location: 2F 0-1: Called Strike 0-2: Ball 1-2: Ball 2-2: Strikes out swinging
|
Batting: LHB Jeffrey Satterley
|
0-0: Ball 1-0: Ball 2-0: Foul Ball, location: 2F 2-1: Fly out, F7 (Popup, 56D)
|
Bottom of the 4th over - 0 run(s), 1 hit(s), 0 error(s), 2 left on base; Las Vegas 0 - Lansing 0 |
TOP OF THE 5TH |
Las Vegas Stars batting - Pitching for Lansing Lugnuts : LHP Carlos Flores
|
Batting: RHB Jeremy Atkins
|
0-0: Ball 1-0: Ball 2-0: SINGLE (Line Drive, 6)
|
Pitching: RHP Raúl Contreras
|
|
Batting: RHB Ron Shelton
|
0-0: Called Strike 0-1: Ball 1-1: Foul Ball, location: 2F 1-2: Strikes out swinging
|
Batting: LHB Evan Slootweg
|
0-0: Ball 1-0: Called Strike 1-1: Swinging Strike 1-2: Strikes out swinging
|
Batting: LHB Ricardo Vargas
|
0-0: Ball 1-0: Ball 2-0: Called Strike 2-1: Swinging Strike 2-2: Foul Ball, location: 2F 2-2: Fly out, F6 (Popup, 6M)
|
Top of the 5th over - 0 run(s), 1 hit(s), 0 error(s), 1 left on base; Las Vegas 0 - Lansing 0 |
BOTTOM OF THE 5TH |
Lansing Lugnuts batting - Pitching for Las Vegas Stars : RHP Mike Stabler
|
Batting: RHB Taki Chikafuji
|
0-0: SINGLE (Groundball, 34D)
|
Batting: LHB Lewis Barr
|
0-0: Ball 1-0: Grounds into double play, 6-4-3 (Groundball, 6M)
|
Batting: RHB Jeff Packard
|
0-0: Swinging Strike 0-1: Ground out 1-3 (Groundball, 13S)
|
Bottom of the 5th over - 0 run(s), 1 hit(s), 0 error(s), 0 left on base; Las Vegas 0 - Lansing 0 |
TOP OF THE 6TH |
Las Vegas Stars batting - Pitching for Lansing Lugnuts : RHP Raúl Contreras
|
Batting: RHB Brian George
|
0-0: Called Strike 0-1: Called Strike 0-2: Ball 1-2: Ball 2-2: Strikes out looking
|
Batting: LHB Eliot Helen
|
0-0: Ball 1-0: Called Strike 1-1: Foul Ball, location: 2F 1-2: Ball 2-2: SINGLE (Line Drive, 9LM)
|
Batting: LHB Juan Cabañas
|
0-0: Ball 1-0: Called Strike 1-1: Foul Ball, location: 2F 1-2: Ball 2-2: Foul Ball, location: 2F 2-2: Foul Ball, location: 2F 2-2: Strikes out looking
|
Pitching: RHP Gerald Hood
|
|
Batting: RHB Tae-kwon Kwon
|
0-0: Ball 1-0: Ball 2-0: Called Strike 2-1: Fly out, F7 (Flyball, 78S)
|
Top of the 6th over - 0 run(s), 1 hit(s), 0 error(s), 1 left on base; Las Vegas 0 - Lansing 0 |
BOTTOM OF THE 6TH |
Lansing Lugnuts batting - Pitching for Las Vegas Stars : RHP Mike Stabler
|
Batting: LHB Damon Mitchell
|
0-0: Ball 1-0: Ground out 4-3 (Groundball, 4)
|
Batting: RHB Júlio Caraballo
|
0-0: Ball 1-0: Ball 2-0: Foul Ball, location: 2F 2-1: Ball 3-1: Called Strike 3-2: Foul Ball, location: 2F 3-2: Ground out 5-3 (Groundball, 5)
|
Batting: LHB Pedro Padilla
|
0-0: Ball 1-0: Ball 2-0: Swinging Strike 2-1: Foul Ball, location: 2F 2-2: Ball 3-2: Base on Balls
|
Pitching: RHP Jorge Ibarra
|
|
Batting: RHB Yasuoka Tanaka
|
0-0: Ball 1-0: Ball 2-0: Called Strike 2-1: Foul Ball, location: 2F 2-2: Fly out, F4 (Line Drive, 4)
|
Bottom of the 6th over - 0 run(s), 0 hit(s), 0 error(s), 1 left on base; Las Vegas 0 - Lansing 0 |
TOP OF THE 7TH |
Las Vegas Stars batting - Pitching for Lansing Lugnuts : RHP Gerald Hood
|
Pinch Hitting: SHB Santiago Farías
|
0-0: Swinging Strike 0-1: Foul Ball, location: 2F 0-2: Ball 1-2: Foul Ball, location: 2F 1-2: Ball 2-2: Foul Ball, location: 2F 2-2: Foul Ball, location: 2F 2-2: SINGLE (Line Drive, 6MD)
|
Batting: RHB Jeremy Atkins
|
0-0: Ball 1-0: Ball 2-0: Sac Bunt - play at first, batter OUT! 1-4 Santiago Farías to second
|
Batting: RHB Ron Shelton
|
0-0: Ball 1-0: Ball 2-0: Foul Ball, location: 2F 2-1: Foul Ball, location: 2F 2-2: Ground out 5-3 (Groundball, 5S) Santiago Farías to third
|
Pitching: LHP Steve Paredes
|
|
Pinch Hitting: RHB Shih-k'ai Huang
|
0-0: Ball 1-0: 2-RUN HOME RUN (Line Drive, 7D), Distance : 394 ft
|
Batting: LHB Ricardo Vargas
|
0-0: Ball 1-0: Called Strike 1-1: Foul Ball, location: 2F 1-2: Foul Ball, location: 2F 1-2: Foul Ball, location: 2F 1-2: Foul Ball, location: 2F 1-2: Ball 2-2: Ball 3-2: Fly out, F9 (Flyball, 89XD)
|
Top of the 7th over - 2 run(s), 2 hit(s), 0 error(s), 0 left on base; Las Vegas 2 - Lansing 0 |
BOTTOM OF THE 7TH |
Lansing Lugnuts batting - Pitching for Las Vegas Stars : RHP Jorge Ibarra
|
Now at 3B: Vicente Salgado
|
|
Now in LF: Shih-k'ai Huang
|
|
Batting: RHB Gordon Langley
|
0-0: Ball 1-0: Ball 2-0: Fly out, F4 (Popup, 4)
|
Batting: LHB Jeffrey Satterley
|
0-0: Swinging Strike 0-1: Swinging Strike 0-2: Foul Ball, location: 2F 0-2: Strikes out looking
|
Batting: RHB Taki Chikafuji
|
0-0: Ball 1-0: Fly out, F9 (Flyball, 89M)
|
Bottom of the 7th over - 0 run(s), 0 hit(s), 0 error(s), 0 left on base; Las Vegas 2 - Lansing 0 |
TOP OF THE 8TH |
Las Vegas Stars batting - Pitching for Lansing Lugnuts : LHP Steve Paredes
|
Batting: RHB Brian George
|
0-0: Ball 1-0: Ball 2-0: Called Strike 2-1: Foul Ball, location: 2F 2-2: Ground out 6-3 (Groundball, 6)
|
Batting: LHB Eliot Helen
|
0-0: Called Strike 0-1: Ground out U3 (Groundball, 3S)
|
Batting: LHB Juan Cabañas
|
0-0: Called Strike 0-1: Ball 1-1: Ball 2-1: Swinging Strike 2-2: Foul Ball, location: 2F 2-2: Strikes out swinging
|
Top of the 8th over - 0 run(s), 0 hit(s), 0 error(s), 0 left on base; Las Vegas 2 - Lansing 0 |
BOTTOM OF THE 8TH |
Lansing Lugnuts batting - Pitching for Las Vegas Stars : RHP Jorge Ibarra
|
Batting: LHB Lewis Barr
|
0-0: Ball 1-0: Ball 2-0: Ball 3-0: Base on Balls
|
Pitching: RHP Cameron Rowde
|
|
Batting: RHB Jeff Packard
|
0-0: SINGLE (Line Drive, 8RS) Lewis Barr to second
|
Batting: LHB Damon Mitchell
|
0-0: Ball 1-0: SINGLE (Groundball, 34D) Lewis Barr to third Jeff Packard to second Runner from 3rd tries for Home, throw and OUT! Jeff Packard to third Damon Mitchell to second
|
Batting: RHB Júlio Caraballo
|
0-0: Ball 1-0: Ball 2-0: Ball 3-0: Called Strike 3-1: Called Strike 3-2: 3-RUN HOME RUN (Flyball, 78XD), Distance : 409 ft
|
Batting: LHB Pedro Padilla
|
0-0: Ball 1-0: Called Strike 1-1: Ball 2-1: DOUBLE (Line Drive, 89S)
|
Batting: RHB Yasuoka Tanaka
|
0-0: Intentional Walk
|
Batting: RHB Gordon Langley
|
0-0: Ball 1-0: Fly out, F7 (Flyball, 7M)
|
Batting: LHB Jeffrey Satterley
|
0-0: Ball 1-0: Foul Ball, location: 2F 1-1: Called Strike 1-2: Foul Ball, location: 2F 1-2: Ground out U3 (Groundball, 3S)
|
Bottom of the 8th over - 3 run(s), 4 hit(s), 0 error(s), 2 left on base; Las Vegas 2 - Lansing 3 |
TOP OF THE 9TH |
Las Vegas Stars batting - Pitching for Lansing Lugnuts : LHP Steve Paredes
|
Pitching: RHP Paul McKee
|
|
Now at 1B: Steve Hathaway
|
|
Now at SS: Rafael González
|
|
Batting: RHB Tae-kwon Kwon
|
0-0: Foul Ball, location: 2F 0-1: Ball 1-1: Foul Ball, location: 2F 1-2: Ball 2-2: Strikes out swinging
|
Batting: RHB Vicente Salgado
|
0-0: Called Strike 0-1: Ball 1-1: Called Strike 1-2: Foul Ball, location: 2F 1-2: Ball 2-2: Strikes out swinging
|
Batting: RHB Jeremy Atkins
|
0-0: Fly out, F8 (Flyball, 8LM)
|
Top of the 9th over - 0 run(s), 0 hit(s), 0 error(s), 0 left on base; Las Vegas 2 - Lansing 3 |
|
|